 Dungeon Crawl Stone Soup version 0.28-a0-1130-gc51a68064b (webtiles) character file.

Game seed: 9030318086562321474

105 vurker the Gusty (level 4, -2/35 HPs)
             Began as a Demigod Air Elementalist on Dec 12, 2021.
             Slain by a kobold brigand (8 damage)
             ... on level 4 of the Dungeon.
             The game lasted 00:02:00 (2693 turns).

vurker the Gusty (Demigod Air Elementalist)         Turns: 2693, Time: 00:02:00

Health: -2/35      AC:  2    Str:  9    XL:     4   Next: 29%
Magic:  1/10       EV: 12    Int: 21    God:
Gold:   75         SH:  0    Dex: 14    Spells: 7/8 levels left

rFire   . . .      SeeInvis .   c - +0 dagger
rCold   . . .      Faith    .   (no shield)
rNeg    . . .      Spirit   .   a - +0 robe
rPois   .          Reflect  .   (no helmet)
rElec   .          Harm     .   (no cloak)
rCorr   .          Rampage  .   (no gloves)
Will    .....                   (no boots)
Stlth   ++........              (no amulet)
HPRegen 0.11/turn               (no ring)
MPRegen 0.12/turn               (no ring)

@: no status effects
A: high mp 1, forlorn, divine attributes
a: no special abilities


You were on level 4 of the Dungeon.
You visited 1 branch of the dungeon, and saw 4 of its levels.

You collected 75 gold pieces.

Inventory:

Hand Weapons
 c - a +0 dagger (weapon)
   (You took it off a goblin on level 1 of the Dungeon)
Armour
 a - a +0 robe (worn)
Scrolls
 b - 2 scrolls of identify {unknown}
 d - 2 scrolls of amnesia {unknown}
Potions
 e - 2 potions of attraction {unknown}
 f - 2 potions of flight {unknown}
 g - a potion of invisibility {unknown}


   Skills:
 + Level 1.4 Fighting
 - Level 1.7 Dodging
 - Level 1.7 Stealth
 * Level 2.7 Spellcasting
 + Level 1.6 Conjurations
 * Level 3.5 Air Magic


You had 7 spell levels left.
You knew the following spells:

 Your Spells              Type           Power      Damage    Failure   Level
a - Shock                 Conj/Air       52%        1d6       4%          1

Your spell library contained the following spells:

 Spells                   Type           Power      Damage    Failure   Level
 Static Discharge         Conj/Air       13%        N/A       7%          2
 Swiftness                Air            17%        N/A       10%         3
 Airstrike                Air            8%         N/A       30%         4


Dungeon Overview and Level Annotations

Branches:
Dungeon (4/15)
 Temple: D:4-7

Shops:
D:3 *


Innate Abilities, Weirdness & Mutations

You have an increased reservoir of magic. (+10% MP)
You shall have no god before yourself.
Your divine heritage dramatically boosts your attributes as you level up.


Message History

You can't see any susceptible monsters within range! (Use Z to cast anyway.)
d - 2 scrolls labelled WERAUSHR QUULE (gained 1)
Your magical contamination has completely faded away.
A kobold is nearby!
Aim: a kobold, wielding a +0 club and quivering stones (60% to hit)
The zap hits the kobold.
Aim: a kobold, wielding a +0 club and quivering stones (moderately wounded, 60% to hit)
The zap hits the kobold.
Aim: a kobold, wielding a +0 club and quivering stones (severely wounded, 60% to hit)
The zap hits the kobold.
You kill the kobold!
The zap hits the kobold brigand.
The kobold brigand throws a throwing net.
The throwing net misses you.
Found a leather armour.
The frilled lizard barely misses you.
You closely miss the frilled lizard. The frilled lizard bites you.
Aim: a frilled lizard (48% to hit)
The zap hits the frilled lizard.
You kill the frilled lizard!
The kobold brigand throws a throwing net.
The throwing net hits you.
You become entangled in the net!
You struggle against the net.
You struggle against the net.
The kobold hits you with a +0 short sword.
You struggle against the net.
The kobold barely misses you.
You shred the net and break free!
The kobold brigand hits you with a +0 dagger!
The kobold hits you but does no damage.
The kobold shouts!
The zap hits the kobold.
You kill the kobold!
The kobold brigand hits you with a +0 dagger!
* * * LOW HITPOINT WARNING * * *
Aim: a kobold brigand, wielding a +0 dagger (60% to hit)
The zap hits the kobold brigand.
The zap misses the kobold.
The kobold brigand closely misses you.
Aim: a kobold brigand, wielding a +0 dagger (lightly wounded, 60% to hit)
The zap hits the kobold brigand.
The zap misses the kobold.
The kobold brigand hits you with a +0 dagger.
* * * LOW HITPOINT WARNING * * *
Aim: a kobold brigand, wielding a +0 dagger (moderately wounded, 60% to hit)
The zap misses the kobold brigand.
The zap hits the kobold.
You kill the kobold!
The kobold brigand hits you with a +0 dagger!
* * * LOW HITPOINT WARNING * * *
Aim: a kobold brigand, wielding a +0 dagger (moderately wounded, 60% to hit)
The zap hits the kobold brigand.
The kobold brigand hits you with a +0 dagger!
You die... ♣♣ ♣♣♣♣♣♣ ♣#PP##...P#♣# PPPPP..÷.(PP#

P.r#......K.###########
..r#...§.K..r.##......#
P.l#....K.÷P#.##....#.#
PPP.....###.##......#
♣PPP#P..≈PPP#..).....#
♣♣♣♣♣♣#P###@#.#..#
#K#K# # #)#.# #.#K#
#.#.#.# #.....# ###.###
#..# #(..#


You could see a kobold brigand and a rat.

Vanquished Creatures
  Terence (D:3)
  2 adders (D:2)
  An orc (D:3)
  An endoplasm (D:2)
  5 giant cockroaches
  7 goblins
  3 hobgoblins
  7 jackals
  7 kobolds
  2 quokkas
  4 ball pythons
  7 bats
  6 frilled lizards
  5 rats
58 creatures vanquished.

Vanquished Creatures (others)
  4 plants (D:4)
4 creatures vanquished.

Grand Total: 62 creatures vanquished

Notes
Turn   | Place    | Note
-------+----------+-------------------------------------------
     0 | D:1      | vurker the Demigod Air Elementalist began the quest for the
                  | Orb.
     0 | D:1      | Reached XP level 1. HP: 14/14 MP: 5/5
   227 | D:1      | Reached skill level 1 in Conjurations
   573 | D:1      | Reached XP level 2. HP: 17/22 MP: 1/7
   955 | D:1      | Reached skill level 3 in Air Magic
  1457 | D:2      | Reached XP level 3. HP: 27/27 MP: 7/9
  1515 | D:2      | Reached skill level 1 in Fighting
  2116 | D:3      | Found Avvooni's Assorted Antiques.
  2509 | D:3      | Noticed Terence
  2534 | D:3      | Killed Terence
  2535 | D:3      | Reached XP level 4. HP: 35/35 MP: 1/10
  2651 | D:3      | You fall into a shaft and drop 1 floor!
  2651 | D:4      | Noticed a kobold brigand
  2693 | D:4      | Slain by a kobold brigand

Illustrated notes

Levels and vault maps discovered:
D:1:      dpeg_arrival_rooms_b, layout_basic,
          hellmonk_ecumenical_altar_prayer_group
D:2:      layout_basic, basic_altar, kennysheep_generic_room_5
D:3:      layout_basic, chequers_temple_overflow_statue_of_worship,
          serial_shops, nicolae_shop_competitors_out_of_business,
          minmay_fractal_squares_diagonal_5, uniq_terence
D:4:      layout_loops_corners, gammafunk_ghost_mausoleum,
          lexackson_kobold_supper, uniq_sigmund

Skill      XL: |  1  2  3 |
---------------+----------+-----
Conjurations   | 1 |  1.6
Spellcasting   | 2 |  2.7
Air Magic      | 3 |  3.5
Fighting       | 1 |  1.4
Dodging        | |  1.7
Stealth        | |  1.7

Action                   |  1- 3 |  4- 6 || total
-------------------------+-------+-------++-------
Melee: Dagger            |    17 |     1 ||    18
 Cast: Shock             |   109 |    12 ||   121
Armor: Robe              |     5 |     2 ||     7
Dodge: Dodged            |    38 |     6 ||    44

Table legend: (Time is in decaauts)
 A = Elapsed time spent in this place.
 B = Non-inter-level travel time spent in this place.
 C = Inter-level travel time spent in this place.
 D = Time resting spent in this place.
 E = Time spent auto-exploring this place.
 F = Levels seen in this place.
 G = Mean time per level.
                   A        B        C        D        E       F      G
               +--------+--------+--------+--------+--------+-----+--------+
         Total |   2691 |   2618 |     73 |      0 |   2291 |   4 |  672.8 |
       Dungeon |   2691 |   2618 |     73 |      0 |   2291 |   4 |  672.8 |
               +--------+--------+--------+--------+--------+-----+--------+

Top non-repeatable levels by time:
     D:1: 1353 daAuts
     D:2: 739 daAuts
     D:3: 556 daAuts
     D:4: 41 daAuts
